 Dungeon Crawl Stone Soup version 0.25-a0-1073-gf4359a17dd (webtiles) character file.

Game seed: 14971860572283886899, levelgen mode: deterministic

23 Esekla the Magician (level 3, 0/22 HPs)
             Began as an Octopode Wizard on May 14, 2020.
             Slain by a centaur (3 damage)
             ... on level 2 of the Dungeon.
             The game lasted 00:07:11 (599 turns).

Esekla the Magician (Octopode Wizard)                Turns: 599, Time: 00:07:12

Health: 0/22       AC:  5    Str:  6    XL:     3   Next: 0%
Magic:  8/8        EV: 13    Int: 20    God:
Gold:   29         SH:  0    Dex: 11    Spells: 6/9 levels left

rFire    . . .     SeeInvis .   d - +0 short sword
rCold    . . .     Gourm    .   (no shield)
rNeg     . . .     Faith    .   a - +0 hat
rPois    .         Spirit   .   (no amulet)
rElec    .         Reflect  .   e - +4 ring of protection
rCorr    .         Harm     .   (no ring)
MR       .....                  (no ring)
Stlth    +++.......             (no ring)
HPRegen  0.07/turn              (no ring)
MPRegen  0.11/turn              (no ring)
                                (no ring)
                                (no ring)

@: no status effects
A: almost no armour, stealthy swim, amphibious, 8 rings, constrict 8, camouflage
1, gelatinous body 1
a: no special abilities


You were on level 2 of the Dungeon.
You were not hungry.

You visited 1 branch of the dungeon, and saw 2 of its levels.

You collected 29 gold pieces.

Inventory:

Hand Weapons
 d - a +0 short sword (weapon)
Armour
 a - a +0 hat (worn)
Jewellery
 e - a +4 ring of protection (left tentacle)
Scrolls
 b - a scroll of enchant weapon {unknown}
 f - a scroll of teleportation {unknown}
 i - a scroll of remove curse {unknown}
Potions
 g - 2 potions of lignification {unknown}
Comestibles
 c - 2 rations
 h - 2 chunks of flesh


   Skills:
 * Level 0.4 Fighting
 * Level 2.1 Dodging
 - Level 2.6 Stealth
 * Level 3.7 Spellcasting
 + Level 1.0 Conjurations
   Level 1.0 Summonings
 * Level 1.0 Translocations


You had 6 spell levels left.
You knew the following spells:

 Your Spells              Type           Power        Failure   Level  Hunger
a - Magic Dart            Conj           #...         9%          1    None
b - Blink                 Tloc           N/A          13%         2    ##.....

Your spell library contained the following spells:

 Spells                   Type           Power        Failure   Level  Hunger
 Call Imp                 Summ           #.......     13%         2    ##.....
 Slow                     Hex            #.......     21%         2    ##.....
 Conjure Flame            Conj/Fire      #.......     32%         3    ###....
 Mephitic Cloud           Conj/Pois/Air  #.......     34%         3    ###....


Dungeon Overview and Level Annotations

Branches:
Dungeon (2/15)

Altars:
Yredelemnul


Innate Abilities, Weirdness & Mutations

You cannot wear most types of armour.
You are very stealthy in the water. (Stealth+)
You are amphibious.
You can wear up to eight rings at the same time.
You can use your tentacles to constrict eight enemies at once.
Your skin changes colour to match your surroundings (Stealth+).
Your rubbery body absorbs attacks. (AC +1, EV +1)


Message History

Your experience leads to an increase in your attributes!
Increase (S)trength, (I)ntelligence, or (D)exterity?
You feel agile.
Found an escape hatch in the ceiling.
A centaur comes into view.
The centaur shouts!
The centaur wields a +0 shortbow.
The centaur shoots an arrow.
The arrow barely misses you.
A hobgoblin comes into view. It is wielding a +0 club.
Found 19 arrows.
The centaur shoots an arrow.
The arrow hits you!
Ouch! That really hurt!
You see here an arrow.
Casting: Magic Dart (safe; 9% risk of failure)
Confirm with . or Enter, or press ? or * to list all spells.
You don't know that spell.
The centaur unwields a +0 shortbow.
The centaur hits you!
* * * LOW HITPOINT WARNING * * *
You barely miss the centaur. The centaur hits you.
You die...

## #.. ... #.# #
#.# ##. #.#
#.#...##.##
.....g.c..#
#..<..##@(#
###... #..# #
##.# #..# .#
##.#
#..#######.#####
# ..#
#..........S...#
#.#.# ##.#####.#
#.#
##.##.#.####.#
#.# #.#
.............#
#.# #.#
####.#.######
#.# #.#


You could see a centaur and a hobgoblin (wandering).

Vanquished Creatures
  2 adders (D:2)
  A goblin (D:2)
  A kobold (D:2)
  A ball python (D:2)
  2 frilled lizards (D:2)
  A rat (D:2)
8 creatures vanquished.

Notes
Turn   | Place    | Note
-------+----------+-------------------------------------------
     0 | D:1      | Esekla the Octopode Wizard began the quest for the Orb.
     0 | D:1      | Reached XP level 1. HP: 11/11 MP: 4/4
   330 | D:2      | Reached XP level 2. HP: 13/17 MP: 0/6
   453 | D:2      | Found a basalt altar of Yredelemnul.
   558 | D:2      | Learned a level 2 spell: Blink
   579 | D:2      | Reached XP level 3. HP: 20/22 MP: 6/8
   594 | D:2      | Noticed a centaur
   599 | D:2      | Slain by a centaur

Illustrated notes

Levels and vault maps discovered:
D:1:      lemuel_arrival_river_bridge, layout_basic
D:2:      layout_loops_ring, overflow_temple_1_default,
          yredelemnul_altar_generic, kennysheep_small_spiral,
          grunt_ministairs_14

Action                   || total
-------------------------++-------
Melee: Short sword       ||    11
       Constrict         ||     4
       Unarmed           ||     2
 Cast: Magic Dart        ||    15
 Stab: Sleeping          ||     1
Armor: Skin              ||     2
Dodge: Dodged            ||    15

Table legend:
 A = Non-vault XP
 B = Vault XP
 C = Vault XP percentage of total XP
 D = Non-vault monster count
 E = Vault monster count
 F = Vault count percentage of total count
                 A         B        C        D         E       F
            +---------+---------+-------+---------+---------+-------
      Total |      34 |       0 |   0.0 |       8 |       0 |   0.0
            +---------+---------+-------+---------+---------+-------
        D:2 |      34 |       0 |   0.0 |       8 |       0 |   0.0
            +---------+---------+-------+---------+---------+-------
